 Seeded DCSS version 0.31-a0-208-gdb31a4691d (webtiles) character file.

Game seed: 9680908848519521645 (custom seed)

2239 innerfire43 the Shooter (level 9, -3/69 HPs)
             Began as a Demonspawn Monk on June 28, 2023.
             Was the Champion of Ignis.
             Slain by a killer bee (7 damage)
             ... on level 7 of the Dungeon.
             The game lasted 00:06:28 (5680 turns).

innerfire43 the Shooter (Demonspawn Monk)           Turns: 5680, Time: 00:06:28

Health: -3/69      AC:  9    Str: 18    XL:     9   Next: 14%
Magic:  9/9        EV: 15    Int: 11    God:    Ignis [******]
Gold:   381        SH:  0    Dex: 20    Spells: 8/8 levels left

rFire   + + .        v - +5 flail "Hydrabane" {heavy, rF+ Dex+2 Stlth+}
rCold   . . .        (no shield)
rNeg    . . .        b - +0 robe
rPois   .            (helmet restricted)
rElec   .            I - +0 cloak
rCorr   .            (no gloves)
SInv    .            (no boots)
Will    .....        e - amulet of regeneration
Stlth   +++          g - +4 ring of slaying
HPRegen 1.11/turn    E - +4 ring of slaying
MPRegen 0.11/turn

%: no passive effects
@: lethally poisoned (-3 -> -10), sanguine armoured
A: horns 1, demonic guardian 1, powered by pain 1, sanguine armour 1, agile 1,
strong 1, inability to drink after injury 1
a: Renounce Religion, Fiery Armour, Foxfire Swarm, Rising Flame


You were on level 7 of the Dungeon.
You worshipped Ignis.
Ignis was exalted by your worship.
You visited 1 branch of the dungeon, and saw 8 of its levels.

You collected 381 gold pieces.

Inventory:

Hand Weapons
 a - a +0 mace
 v - the +5 flail "Hydrabane" (weapon) {heavy, rF+ Dex+2 Stlth+}
   (You took it off a hobgoblin on level 4 of the Dungeon)

   Dex:       It affects your dexterity (+2).
   rF:        It protects you from fire.
   Stlth:     It makes you more stealthy.
 C - a +6 heavy falchion
 D - the +9 arbalest "Dragon's Tongue" {flame, MP+9}
   (You found it on level 5 of the Dungeon)

   MP:        It affects your magic capacity (+9).
Missiles
 t - a throwing net
Armour
 b - a +0 robe (worn)
 d - an orb of light
 q - a +0 kite shield
 s - a +0 helmet
 I - a +0 cloak (worn)
Jewellery
 e - an amulet of regeneration (around neck)
 g - a +4 ring of slaying (left hand)
 k - a ring of resist corrosion
 x - an amulet of magic regeneration
 E - a +4 ring of slaying (right hand)
 G - a ring of ice
Wands
 y - a wand of mindburst (16)
 z - a wand of quicksilver (7)
 F - a wand of roots (9)
 K - a wand of polymorph (5)
Scrolls
 c - 2 scrolls of blinking {unknown}
 f - 3 scrolls of teleportation {unknown}
 h - 2 scrolls of vulnerability {unknown}
 i - 3 scrolls of brand weapon {unknown}
 j - 7 scrolls of identify {unknown}
 l - 2 scrolls of fear {unknown}
 m - 2 scrolls of revelation {unknown}
 u - a scroll of immolation {unknown}
Potions
 n - a potion of mutation
 o - a potion of curing {unknown}
 p - a potion of degeneration {unknown}
 r - a potion of haste {unknown}
 w - a potion of heal wounds {unknown}
 A - 2 potions of magic {unknown}
 B - a potion of brilliance {unknown}
 H - a potion of might {unknown}
 J - a potion of lignification {unknown}


   Skills:
 + Level 6.1 Fighting
 - Level 5.2 Maces & Flails
 * Level 7.4 Ranged Weapons
 + Level 5.5 Dodging


You had 8 spell levels left.
You didn't know any spells.
Your spell library contained the following spells:

 Spells                   Type           Power      Damage    Failure   Level
 Magic Dart               Conj           0%         1d3       34%         1
 Searing Ray              Conj           0%         2d4       47%         2
 Frozen Ramparts          Ice            0%         1d1       71%         3
 Gell's Gravitas          Tloc           0%         N/A       71%         3
 Ozocubu's Armour         Ice            0%         N/A       71%         3
 Teleport Other           Tloc           0%         N/A       71%         3
 Fulminant Prism          Conj/Hex       0%         3d5       98%         4
 Ice Form                 Ice/Tmut       0%         N/A       98%         4
 Summon Ice Beast         Ice/Summ       0%         N/A       98%         4
 Dispersal                Tloc           0%         N/A       100%        6
 Ozocubu's Refrigeration  Ice            0%         4d7       100%        7


Dungeon Overview and Level Annotations

Branches:
Dungeon (8/15)             Temple (0/1) D:5
   Lair: D:8-11

Altars:
Kikubaaqudgha
Wu Jian
Ignis


Innate Abilities, Weirdness & Mutations

You have a pair of small horns on your head.
A weak demonic guardian rushes to your aid.
You sometimes gain a little power by taking damage.
When seriously injured, your blood forms armour. (AC +6)
You are agile. (Dex +4, Str/Int -1)
Your muscles are strong. (Str +4, Int/Dex -1)
You occasionally lose the ability to drink potions when taking damage.


Message History

v - the +5 flail "Hydrabane" (weapon)
{heavy, rF+ Dex+2 Stlth+} You feel sick.
The killer bee stings you but does no damage.
The killer bee barely misses you. The killer bee stings you.
* * * LOW HITPOINT WARNING * * *
The killer bee closely misses you.
You bludgeon the killer bee!!
You kill the killer bee!
You feel sick. The killer bee completely misses you.
The killer bee closely misses you. The killer bee barely misses you. x2
The killer bee stings you but does no damage. x2
The killer bee barely misses you. The killer bee closely misses you.
The killer bee misses you. The killer bee closely misses you.
The killer bee misses you. The killer bee barely misses you.
You miss the killer bee.
You feel sick. The killer bee completely misses you.
The killer bee barely misses you. The killer bee stings you.
* * * LOW HITPOINT WARNING * * *
A demonic guardian appears!
The killer bee stings you.
* * * LOW HITPOINT WARNING * * *
You are more poisoned.
The killer bee poisons you! The killer bee barely misses you. x2
The killer bee misses you. The killer bee closely misses you.
The killer bee stings you but does no damage.
You barely miss the killer bee.
You feel very sick.
The killer bee stings you but does no damage.
The killer bee barely misses you. The killer bee misses you.
The killer bee barely misses you. The killer bee misses you.
The killer bee stings you but does no damage.
The killer bee misses you. The killer bee barely misses you. x2
Your white imp hits the killer bee.
Your white imp freezes the killer bee.
The killer bee stings you.
* * * LOW HITPOINT WARNING * * *
You are lethally poisoned!
The killer bee poisons you! The killer bee closely misses you.
The killer bee stings you.
* * * LOW HITPOINT WARNING * * *
The killer bee attacks as you move away!
The killer bee stings you!
You die...

#........(...### #
#########'###....#.## #
#......).........#..#
#####.########...#..# ####.#
#......# #....#
#####..##..###
#########......##.....
##########y##.####......#.
#...)....@y.#.## #......#.
#.......5y..#..# #........
#..............# #......#.
#............#.###......##
#######.#...............##
######.#.........##......
#......#.#.......##......
#####.###..#.#..##...##......
#...#.# #.............+......


You could see 3 killer bees and a friendly white imp (summoned).

Vanquished Creatures
  Eustachio (D:5)
  Edmund (D:6)
  2 water moccasins
  3 ice beasts
  An ogre (D:5)
  A centaur (D:7)
  2 kobold brigands (D:6)
  A phantom (D:3)
  A bullfrog (D:6)
  2 scorpions (D:7)
  3 killer bees (D:7)
  A hound (D:7)
  3 orc priests
  A gnoll bouda (D:7)
  8 orc wizards
  2 iguanas
  A sleepcap (D:7)
  8 adders
  13 gnolls
  A worm (D:2)
  3 dart slugs
  24 orcs
  8 ball pythons
  8 endoplasms
  4 giant cockroaches
  7 goblins
  14 hobgoblins
  7 jackals
  5 quokkas
  11 bats
  4 frilled lizards
  10 kobolds
  4 rats
165 creatures vanquished.

Vanquished Creatures (collateral kills)
  A gnoll (D:4)
  A dart slug (D:4)
  An orc (D:4)
  An endoplasm (D:3)
  A goblin (D:4)
  A hobgoblin (D:4)
  A jackal (D:4)
  A quokka (D:4)
  A kobold (D:3)
9 creatures vanquished.

Grand Total: 174 creatures vanquished

Notes
Turn   | Place    | Note
-------+----------+-------------------------------------------
     0 | D:1      | innerfire43 the Demonspawn Monk began the quest for the
                  | Orb.
     0 | D:1      | Reached XP level 1. HP: 18/18 MP: 1/1
   136 | D:1      | Gained mutation: You sometimes gain a little power by
                  | taking damage. [demonic ancestry]
   136 | D:1      | Reached XP level 2. HP: 24/24 MP: 2/2
   577 | D:1      | Gained mutation: A weak demonic guardian rushes to your
                  | aid. [demonic ancestry]
   577 | D:1      | Reached XP level 3. HP: 29/29 MP: 3/3
   855 | D:2      | Gained mutation: When seriously injured, your blood forms
                  | armour. (AC +6) [demonic ancestry]
   855 | D:2      | Reached XP level 4. HP: 8/37 MP: 4/4
  1013 | D:2      | Found a faded altar of an unknown god.
  1051 | D:2      | Prayed at the altar of an unknown god.
  1051 | D:2      | Became a worshipper of Ignis, the Dying Flame
  1051 | D:2      | Reached ****** piety under Ignis
  2038 | D:3      | Noticed a phantom
  2047 | D:3      | Killed a phantom
  2048 | D:3      | Reached XP level 5. HP: 25/43 MP: 5/5
  2353 | D:3      | Reached XP level 6. HP: 43/49 MP: 6/6
  2824 | D:4      | Identified the +5 flail "Hydrabane" {heavy, rF+ Dex+2
                  | Stlth+}
  2874 | D:4      | Reached skill level 5 in Fighting
  3525 | D:5      | Entered Level 5 of the Dungeon
  3530 | D:5      | Gained mutation: You have a pair of small horns on your
                  | head. [demonic ancestry]
  3530 | D:5      | Reached XP level 7. HP: 56/56 MP: 7/7
  3536 | D:5      | Noticed Eustachio
  3541 | D:5      | Killed Eustachio
  3542 | D:5      | Reached skill level 5 in Dodging
  3551 | D:5      | Found an ancient bone altar of Kikubaaqudgha.
  3551 | D:5      | Found an ornate altar of the Wu Jian Council.
  3564 | D:5      | Reached skill level 5 in Maces & Flails
  3646 | D:5      | Found a staircase to the Ecumenical Temple.
  3777 | D:5      | Identified the +9 arbalest "Dragon's Tongue" {flame, MP+9}
  3981 | D:5      | Reached skill level 1 in Ranged Weapons
  4325 | D:6      | Reached skill level 2 in Ranged Weapons
  4325 | D:6      | Reached XP level 8. HP: 64/64 MP: 8/8
  4395 | D:6      | Reached skill level 3 in Ranged Weapons
  4538 | D:6      | Reached skill level 4 in Ranged Weapons
  4850 | D:6      | Noticed Edmund
  4852 | D:6      | Killed Edmund
  4960 | D:7      | Reached skill level 5 in Ranged Weapons
  5134 | D:7      | Reached skill level 6 in Ranged Weapons
  5308 | D:7      | Reached skill level 7 in Ranged Weapons
  5311 | D:7      | Reached XP level 9. HP: 36/69 MP: 9/9
  5604 | D:7      | Gained mutation: You occasionally lose the ability to drink
                  | potions when taking damage. [potion of mutation]
  5604 | D:7      | Gained mutation: Your muscles are strong. (Str +4, Int/Dex
                  | -1) [potion of mutation]
  5604 | D:7      | Gained mutation: You are agile. (Dex +4, Str/Int -1)
                  | [potion of mutation]
  5604 | D:7      | HP: 3/69 [poisoned by a killer bee]
  5609 | D:7      | HP: 3/69 [poisoned by a killer bee]
  5680 | D:7      | Slain by a killer bee

Illustrated notes

Levels and vault maps discovered:
D:1:      eino_arrival_water_star, layout_basic, dreamdust_princess_corridor
D:2:      minmay_skewed_foursquare, layout_loops_corners,
          chequers_ecumenical_altar_grove
D:3:      layout_basic
D:4:      layout_basic
D:5:      layout_loops_ring, gammafunk_temple_overflow_elements,
          minmay_temple_entry_junction_2, minmay_misc_feat_pillars,
          uniq_eustachio
D:6:      layout_loops_ring, uniq_edmund
D:7:      layout_basic
D:8:      layout_gridville, mainiacjoe_overflow_concentric_impassable,
          uniq_prince_ribbit1

Skill      XL: |  1  2  3  4  5  6  7  8  9 |
---------------+----------------------------+-----
Maces & Flails | 3 4 5 |  5.2
Dodging        | 3 4 5 |  5.5
Fighting       | 4 5 6 |  6.1
Ranged Weapons | 2 7 |  7.4

Action                     |  1- 3 |  4- 6 |  7- 9 || total
---------------------------+-------+-------+-------++-------
  Melee: Mace              |    61 |   154 |       ||   215
         Flail             |       |    30 |    14 ||    44
         Headbutt          |       |       |     2 ||     2
   Fire: Arbalest          |       |       |    89 ||    89
    Use: Potion            |     1 |       |     1 ||     2
 Armour: Robe              |     9 |    56 |    23 ||    88
  Dodge: Dodged            |    47 |   166 |    95 ||   308

Table legend: (Time is in decaauts)
 A = Elapsed time spent in this place.
 B = Non-inter-level travel time spent in this place.
 C = Inter-level travel time spent in this place.
 D = Time resting spent in this place.
 E = Time spent auto-exploring this place.
 F = Levels seen in this place.
 G = Mean time per level.
                   A        B        C        D        E       F      G
               +--------+--------+--------+--------+--------+-----+--------+
         Total |   5817 |   5526 |    291 |      0 |   4478 |   8 |  727.1 |
       Dungeon |   5817 |   5526 |    291 |      0 |   4478 |   8 |  727.1 |
               +--------+--------+--------+--------+--------+-----+--------+

Top non-repeatable levels by time:
     D:2: 1069 daAuts
     D:4: 883 daAuts
     D:1: 827 daAuts
     D:3: 814 daAuts
     D:6: 813 daAuts
     D:7: 768 daAuts
     D:5: 632 daAuts
     D:8: 7 daAuts
